 Dungeon Sprint DCSS version 0.24-a0-778-g74da537585 (webtiles) character file.

Game seed: 10062253367163281219, levelgen mode: deterministic

35 Conn the Firebug (level 3, -4/19 HPs)
             Began as a Deep Elf Fire Elementalist on Oct 6, 2019.
             Slain by a worker ant (7 damage)
             ... while paralysed
             ... in the Dungeon (Sprint IV: "Fedhas' Mad Dash").
             The game lasted 00:00:46 (129 turns).

Conn the Firebug (Deep Elf Fire Elementalist)        Turns: 129, Time: 00:00:47

Health: -4/19      AC:  2    Str:  5    XL:     3   Next: 17%
Magic:  9/11       EV:  2    Int: 20    God:
Gold:   0          SH:  0    Dex: 15    Spells: 10/11 levels left

rFire    . . .     SeeInvis .   (no weapon)
rCold    . . .     Gourm    .   (no shield)
rNeg     . . .     Faith    .   a - +0 robe
rPois    .         Spirit   .   (no helmet)
rElec    .         Reflect  .   (no cloak)
rCorr    .         Harm     .   (no gloves)
MR       .....     NoTele   +   (no boots)
Stlth    ++........             (no amulet)
HPRegen  0.06/turn              (no ring)
MPRegen  0.12/turn              (no ring)

@: paralysed, berserk cooldown, slowed
A: no striking features
a: no special abilities


You were in the Dungeon.
You were not hungry.

You visited 1 branch

Inventory:

Armour
 a - a +0 robe (worn)
Scrolls
 i - a scroll of blinking
Potions
 d - a potion of curing
 e - a potion of heal wounds
 f - a potion of haste
 g - 2 potions of magic
Comestibles
 c - a ration


   Skills:
 + Level 0.1 Fighting
 + Level 3.8 Dodging
 + Level 3.5 Stealth
 + Level 4.6 Spellcasting
 + Level 1.5 Conjurations
 + Level 6.0 Fire Magic


You had 10 spell levels left.
You knew the following spells:

 Your Spells              Type           Power        Failure   Level  Hunger
a - Flame Tongue          Conj/Fire      ###..        2%          1    None

Your spell library contained the following spells:

 Spells                   Type           Power        Failure   Level  Hunger
 Throw Flame              Conj/Fire      ###...       3%          2    #......
 Conjure Flame            Conj/Fire      ###.....     8%          3    ##.....
 Inner Flame              Hex/Fire       ###.....     11%         3    ##.....
 Sticky Flame             Conj/Fire      ###.....     26%         4    ####...
 Fireball                 Conj/Fire      ###.......   56%         5    ######.


Dungeon Overview and Level Annotations

Branches:
Dungeon (1/1)

Altars:


Message History

Increase (S)trength, (I)ntelligence, or (D)exterity?
You feel clever.
Found 13 gold pieces and 20 stones.
You feel a strong urge to attack something.
A worker ant comes into view.
The worker ant twitches its antennae in your direction.
Found the amulet of invisibility {+Inv}.
You see here 9 gold pieces.
You hit the worker ant.
The worker ant is moderately wounded.
You hit the worker ant.
The worker ant is moderately wounded.
You are no longer berserk.
You pass out from exhaustion.
You feel yourself slow down.
The worker ant waves its antennae.
The worker ant bites you but does no damage.
The worker ant bites you but does no damage.
The worker ant bites you!
You die...

##################
#<..P#.....#.@$$$#
#PP..†.[...'.#a(.+
#PPPP#.....#.#"..#
###############+##


You could see a worker ant.

Vanquished Creatures
  An oklob sapling (D)
  A river rat (D)
  A rat (D)
3 creatures vanquished.

Notes
Turn   | Place    | Note
-------+----------+-------------------------------------------
     0 | D        | Conn the Deep Elf Fire Elementalist began the quest for the
                  | Orb.
     0 | D        | Reached XP level 1. HP: 10/10 MP: 6/6
    10 | D        | Reached skill level 4 in Fire Magic
    10 | D        | Reached XP level 2. HP: 10/15 MP: 0/8
   112 | D        | Noticed an oklob sapling
   123 | D        | Killed an oklob sapling
   123 | D        | Reached skill level 6 in Fire Magic
   123 | D        | Reached XP level 3. HP: 4/19 MP: 9/11
   126 | D        | Found the amulet of invisibility {+Inv}
   129 | D        | Slain by a worker ant

Levels and vault maps discovered:
D:        dungeon_sprint_fedhas [sprint_temple]

Skill      XL: |  1  2 |
---------------+-------+-----
Dodging        | 3 |  3.8
Stealth        | 3 |  3.5
Fire Magic     | 4 6 |  6.0
Spellcasting   | 4 |  4.6
Fighting       | |  0.1
Conjurations   | |  1.5

Action                   || total
-------------------------++-------
Melee: Unarmed           ||    11
 Cast: Flame Tongue      ||     7
  Use: Potion            ||     1
Armor: Robe              ||     2
Dodge: Dodged            ||     3

Table legend:
 A = Non-vault XP
 B = Vault XP
 C = Vault XP percentage of total XP
 D = Non-vault monster count
 E = Vault monster count
 F = Vault count percentage of total count
                 A         B        C        D         E       F
            +---------+---------+-------+---------+---------+-------
      Total |       0 |      51 | 100.0 |       0 |       3 | 100.0
            +---------+---------+-------+---------+---------+-------
          D |       0 |      51 | 100.0 |       0 |       3 | 100.0
            +---------+---------+-------+---------+---------+-------
